AoeStats
← Nils

Nomad

509649997Analyzed
2v2 RM · 6d ago on Sep 27, 2026· 52m 9s· 4 players
Game mode
Random Map
Map size
176×176
Population
200
Speed
Normal
Resources
Standard
Victory
Conquest
Starting age
Dark Age
Ending age
Imperial Age
RankedLock teamsTeams togetherTeam positionsShared explorationLock speedFull tech treeHidden civsTurbo modeCheats
Victory
Defeat
🇩🇪 Goths · Germany
1060
+8
🇩🇪 Britons · Germany
733
+19
🇨🇳 Huns · China
848
-14
🇧🇴 Vikings · Bolivia
834
-13
31545054
4:50 Loom
16:37 Feudal Age
19:05 Man-at-Arms
22:30 Forging
22:21 Scale Mail Armor
23:14 Bloodlines
24:55 Scale Barding Armor
28:43 Castle Age
29:29 Husbandry
30:48 Iron Casting
30:35 Chain Barding Armor
35:30 Long Swordsman
36:53 Chain Mail Armor
37:57 Squires
44:41 Imperial Age
44:50 Cavalier
46:48 Blast Furnace
46:25 Plate Barding Armor
45:35 Horse Collar
46:12 Paladin
Ketchup
8:30 Loom
14:35 Feudal Age
15:19 Horse Collar
15:27 Double-Bit Axe
17:19 Town Watch
17:55 Man-at-Arms
18:59 Gold Mining
24:34 Castle Age
22:56 Forging
22:46 Scale Mail Armor
23:14 Scale Mail Armor
23:34 Arson
24:51 Long Swordsman
25:32 Squires
26:47 Gold Shaft Mining
26:03 Stone Mining
27:04 Stone Mining
28:20 Heavy Plow
30:09 Bow Saw
33:10 Town Patrol
39:48 Imperial Age
37:59 Chieftains
38:03 Treadmill Crane
38:44 Ballistics
39:10 Iron Casting
38:50 Chain Mail Armor
39:56 Capped Ram
41:23 Conscription
42:30 Blast Furnace
41:45 Chain Mail Armor
42:00 Murder Holes
Mavto
5:05 Loom
14:07 Feudal Age
19:15 Castle Age
17:37 Town Watch
19:25 Wheelbarrow
18:48 Fishing Lines
19:25 Double-Bit Axe
20:21 Medium Warships
21:34 Forging
21:25 Scale Mail Armor
22:35 Bow Saw
22:13 Horse Collar
23:06 Heavy Plow
23:49 Man-at-Arms
24:30 Squires
26:00 Iron Casting
28:14 Gillnets
30:16 Chain Mail Armor
31:20 Hand Cart
30:31 Long Swordsman
31:05 Fletching
31:10 Gold Mining
35:01 Imperial Age
33:10 Anarchy
35:55 Town Patrol
37:00 Two-Man Saw
36:32 Crop Rotation
36:23 Perfusion
36:45 Conscription
37:31 Blast Furnace
39:13 Elite Huskarl
43:33 Two-Handed Swordsman
44:13 Bodkin Arrow
47:14 Bracer
47:19 Scale Barding Armor
47:00 Champion
48:27 Pikeman
48:50 Halberdier
50:30 Chain Barding Armor
50:11 Padded Archer Armor
Nils
12:22 Loom
15:17 Feudal Age
33:09 Castle Age
37:44 Pikeman
47:37 Arson
51:53 Double-Bit Axe
51:56 Horse Collar
Connection lost

Rejoining the realm…

Still unreachable

The connection could not be restored.

Session expired

The server has moved on; the page needs a fresh start.